 Dungeon Crawl Stone Soup version 0.28-a0-1613-gdaab1c2f9b (webtiles) character file.

Game seed: 15202092115339790160

30524 shoop the Severer (level 13, -2/104 HPs)
             Began as a Palentonga Abyssal Knight on Jan 21, 2022.
             Was an Elder of Lugonu.
             Slain by a death yak simulacrum (12 damage)
             ... in an ice cave.
             The game lasted 00:49:56 (26322 turns).

shoop the Severer (Palentonga Abyssal Knight)      Turns: 26322, Time: 00:49:59

Health: -2/104     AC: 20    Str: 28    XL:     13   Next: 21%
Magic:  20/22      EV:  8    Int: 10    God:    Lugonu [****..]
Gold:   931        SH:  0    Dex: 11    Spells: 11/16 levels left

rFire   + . .      SeeInvis +   b - +3 battleaxe (freeze)
rCold   + . .      Faith    .   (shield currently unavailable)
rNeg    . . .      Spirit   .   F - +1 leather armour of a sewer {rElec rC+ Str+6}
rPois   .          Reflect  .   R - +2 hat
rElec   +          Harm     .   (no cloak)
rCorr   .          Rampage  .   J - +0 pair of gloves
Will    .....                   f - +0 barding
Stlth   +.........              S - amulet of the acrobat
HPRegen 0.27/turn               h - ring of protection from fire
MPRegen 0.18/turn               B - ring of wizardry

@: curled up
A: large, rugged brown scales 3, see invisible, deformed body, roll 1, armoured
tail, reflexive curl
a: Rolling Charge, Renounce Religion, Depart the Abyss, Bend Space, Banish,
Corrupt


You were in an ice cave.
You worshipped Lugonu.
Lugonu was greatly pleased with you.
You visited 3 branches of the dungeon, and saw 19 of its levels.
You visited the Abyss 1 time.
You also visited: Ice Cave.

You collected 931 gold pieces.

Inventory:

Hand Weapons
 a - a +0 hand axe of electrocution
 b - a +3 battleaxe of freezing (weapon)
Missiles
 e - 116 sling bullets
 x - 12 poisoned darts
 P - a throwing net
Armour
 f - a +0 barding (worn)
 l - a +1 ring mail of cold resistance
 p - a +0 leather armour
 A - a +0 kite shield
 F - the +1 leather armour of a sewer (worn) {rElec rC+ Str+6}
   (You found it on level 8 of the Dungeon)

   Str:       It affects your strength (+6).
   rC:        It protects you from cold.
   rElec:     It insulates you from electricity.
 J - a +0 pair of gloves (worn)
 R - a +2 hat (worn)
Jewellery
 h - a ring of protection from fire (left hand)
 t - an amulet of magic regeneration
 B - a ring of wizardry (right hand)
 M - a ring of protection from fire
 O - a ring of magical power
 S - an amulet of the acrobat (around neck)
 T - a ring of poison resistance
Wands
 i - a wand of iceblast (18)
 q - a wand of charming (14)
 D - a wand of flame (50)
Scrolls
 d - 8 scrolls of teleportation
 g - 3 scrolls of fog {unknown}
 j - 4 scrolls of enchant weapon {unknown}
 k - 2 scrolls of summoning {unknown}
 r - a scroll of magic mapping
 w - 2 scrolls of immolation {unknown}
 y - 3 scrolls of noise {unknown}
 H - 2 scrolls of vulnerability
 I - 3 scrolls of fear
 K - 2 scrolls of enchant armour
 Q - a scroll of holy word
Potions
 c - 3 potions of magic
 m - 5 potions of flight
 n - 4 potions of curing
 o - 9 potions of mutation {unknown}
 s - 6 potions of brilliance {unknown}
 u - a potion of resistance
 v - 4 potions of lignification {unknown}
 z - a potion of degeneration
 C - 4 potions of heal wounds {unknown}
 E - a potion of attraction
 G - a potion of haste
 L - 2 potions of berserk rage
 N - 2 potions of invisibility
 U - a potion of might {unknown}


   Skills:
 + Level 8.0 Fighting
 * Level 15.6 Axes
 - Level 3.0 Armour
 + Level 3.6 Dodging
 - Level 1.0 Stealth
 - Level 2.0 Shields
 - Level 2.0 Spellcasting
 - Level 2.0 Transmutations
 - Level 3.0 Air Magic
 - Level 2.0 Earth Magic
 - Level 13.0 Invocations
 - Level 3.0 Evocations


You had 11 spell levels left.
You knew the following spells:

 Your Spells              Type           Power      Damage    Failure   Level
a - Swiftness             Air            7%         N/A       12%         3
p - Passwall              Tmut/Erth      4%         N/A       9%          2

Your spell library contained the following spells:

 Spells                   Type           Power      Damage    Failure   Level
 Corpse Rot               Necr/Air       8%         N/A       12%         2
 Magic Dart               Conj           4%         1d3       14%         1
 Call Imp                 Summ           1%         N/A       21%         2
 Ensorcelled Hibernation  Hex/Ice        2%         N/A       21%         2
 Mephitic Cloud           Conj/Pois/Air  3%         N/A       26%         3
 Stone Arrow              Conj/Erth      6%         3d7       26%         3
 Ignite Poison            Fire/Tmut/Pois 2%         N/A       32%         3
 Confusing Touch          Hex            1%         N/A       38%         3
 Conjure Flame            Conj/Fire      1%         6-21      38%         3
 Gell's Gravitas          Tloc           1%         N/A       38%         3
 Teleport Other           Tloc           1%         N/A       38%         3
 Animate Armour           Summ/Erth      6%         N/A       63%         4
 Animate Dead             Necr           0%         N/A       77%         4
 Dispel Undead            Necr           1%         3d6       77%         4
 Sticky Flame             Conj/Fire      1%         2d3       77%         4
 Yara's Violent Unravell  Hex/Tmut       1%         3d3       91%         5
 Conjure Ball Lightning   Conj/Air       2%         3x3d6     100%        6
 Death Channel            Necr           0%         N/A       100%        6
 Dispersal                Tloc           0%         N/A       100%        6
 Enfeeble                 Hex            0%         N/A       100%        7
 Haunt                    Necr/Summ      0%         N/A       100%        7
 Discord                  Hex            0%         N/A       100%        8
 Disjunction              Tloc           0%         N/A       100%        8
 Infestation              Necr           0%         N/A       100%        8
 Lehudib's Crystal Spear  Conj/Erth      1%         10d2      100%        8


Dungeon Overview and Level Annotations

Branches:
Dungeon (13/15)            Temple (0/1) D:4            Lair (4/6) D:11
 Shoals (0/4) Lair:3        Snake (0/4) Lair:2          Orc (2/2) D:12
  IceCv (1/1)
    Elf: Orc:2       Vaults: D:13-14

Altars:
Fedhas
Hepliaklqana
Kikubaaqudgha
Sif Muna
Uskayaw
Vehumet
Zin

Shops:
D:1 (

Annotations:
D:5 1 runed translucent door, murtidash's ghost, novice VSBr
Lair:1 1 runed translucent door, greynaab's ghost, journeyman OpBe
Lair:2 2 runed translucent doors, exclusion: hydra, oldriver's ghost, journeyman KoHu
Lair:4 1 transporter, swinepaste's ghost, journeyman DEFE
Abyss:1 Erica


Innate Abilities, Weirdness & Mutations

You are completely covered in rugged brown scales. (AC +3, +7% HP)
You have supernaturally acute eyesight. (SInv)
Armour fits poorly on your strangely shaped body.
You can roll at nearby foes to attack.
You have a long armoured tail.
You curl defensively after being hit. (AC +7*)


Message History

Lugonu accepts your kill.
You slice the death yak simulacrum!!
The death yak simulacrum is severely damaged.
The death yak simulacrum gores you! The death yak simulacrum freezes you!
You resist.
You hit the death yak simulacrum.
The death yak simulacrum is severely damaged.
The death yak simulacrum gores you. The death yak simulacrum freezes you!
You resist.
You hit the death yak simulacrum.
The death yak simulacrum is severely damaged.
Unknown command.
You hit the death yak simulacrum but do no damage.
You tail-slap the death yak simulacrum, but do no damage.
The death yak simulacrum is severely damaged.
You slice the death yak simulacrum!!
The death yak simulacrum closely misses you.
The death yak simulacrum gores you. The death yak simulacrum freezes you!
You resist.
You slash the death yak simulacrum!
The death yak simulacrum vaporises!
Lugonu accepts your kill.
You completely miss the death yak simulacrum.
You hit the death yak simulacrum.
The death yak simulacrum completely misses you.
Unknown command.
You slash the death yak simulacrum!
The death yak simulacrum is severely damaged.
You slice the death yak simulacrum!! The death yak simulacrum gores you!
The death yak simulacrum freezes you!! You resist.
* * * LOW HITPOINT WARNING * * *
Unknown command.
You slice the death yak simulacrum!!
The death yak simulacrum vaporises!
Lugonu accepts your kill.
You can now corrupt the fabric of space.
You hit the death yak simulacrum. The death yak simulacrum gores you!
* * * LOW HITPOINT WARNING * * *
The death yak simulacrum freezes you! You resist.
You die...

#######
#.....##
#......## .Z
#..Z....#....
#.@○.∩.......
#..☼....#....
#......## Z
#.....##
#######


You could see a death yak simulacrum.

Vanquished Creatures
  Gastronok (D:9)
  A centaur warrior (D:13)
  A two-headed ogre (D:12)
  A deep elf pyromancer (D:12)
  An ugly thing (D:12)
  A manticore (D:11)
  A cyclops (D:12)
  4 black mambas
  4 cane toads
  3 yaktaurs (D:12)
  2 unseen horrors (D:10)
  7 komodo dragons
  2 kobold demonologists
  A rime drake (Lair:1)
  A hornet (D:9)
  A polar bear (D:13)
  2 merfolk (Lair:3)
  4 trolls
  3 slime creatures (D:13)
  13 blink frogs
  Prince Ribbit (D:9)
  2 centaur simulacra (D:13)
  2 wraiths
  A shadow (D:12)
  17 yaks
  4 wyverns
  3 basilisks
  2 death yak simulacra (IceCv)
  17 water moccasins
  3 orc warriors
  2 ice beasts
  2 black bears
  A necrophage (D:6)
  7 wolves
  3 ogres
  10 centaurs
  4 kobold brigands
  9 bullfrogs
  6 scorpions
  3 cane toad simulacra
  A water moccasin zombie (D:7)
  A killer bee (D:7)
  5 wights
  2 electric eels (D:13)
  4 howler monkeys
  2 bullfrog zombies
  A centaur zombie (D:5)
  3 jellies
  A gnoll shaman (D:7)
  6 hounds
  3 bullfrog skeletons
  A centaur skeleton (D:7)
  4 orc priests
  4 iguanas
  3 scorpion zombies (D:5)
  10 orc wizards
  A polar bear simulacrum (D:13)
  A hell rat (Lair:3)
  2 spriggan simulacra (D:13)
  A troll simulacrum (D:13)
  A wolf simulacrum (D:13)
  A killer bee zombie (D:8)
  2 hound skeletons (D:5)
  6 gnolls
  5 howler monkey zombies
  7 adders
  A naga simulacrum (D:13)
  4 white imps
  2 ufetubi
  An adder skeleton (D:5)
  3 worms
  3 dart slugs
  20 orcs
  11 endoplasms
  4 giant cockroaches
  10 goblins
  4 hobgoblins
  4 jackals (D:3)
  18 kobolds
  6 quokkas
  10 ball pythons
  3 bats
  A frilled lizard (D:1)
  7 rats
  A spectral goblin (D:10)
344 creatures vanquished.

Vanquished Creatures (others)
  77 fungi
  60 plants
  3 withered plants (D:5)
140 creatures vanquished.

Grand Total: 484 creatures vanquished

Notes
Turn   | Place    | Note
-------+----------+-------------------------------------------
     0 | Abyss:1  | shoop the Palentonga Abyssal Knight began the quest for the
                  | Orb.
     0 | Abyss:1  | Reached XP level 1. HP: 19/19 MP: 2/2
   128 | Abyss:1  | Noticed a worldbinder
   133 | Abyss:1  | Noticed a tarantella
   133 | Abyss:1  | Noticed a tarantella
   176 | Abyss:2  | Noticed a crimson imp
   201 | Abyss:2  | Noticed an apocalypse crab
   205 | Abyss:2  | Noticed a raiju
   207 | D:1      | Escaped the Abyss
   274 | D:1      | Reached * piety under Lugonu
   281 | D:1      | Reached XP level 2. HP: 11/25 MP: 3/3
   478 | D:1      | Found Noocrubb's Weapon Emporium.
   814 | D:1      | Reached skill level 3 in Axes
  1285 | D:1      | Reached XP level 3. HP: 30/31 MP: 4/4
  1485 | D:2      | Reached ** piety under Lugonu
  1499 | D:2      | Found a faded altar of an unknown god.
  1993 | D:2      | Reached XP level 4. HP: 37/37 MP: 5/5
  2452 | D:3      | Noticed a water moccasin
  2456 | D:3      | Killed a water moccasin
  2457 | D:3      | Reached skill level 4 in Axes
  2457 | D:3      | Reached skill level 1 in Stealth
  2457 | D:3      | Reached skill level 1 in Evocations
  2457 | D:3      | Reached XP level 5. HP: 25/43 MP: 7/7
  3439 | D:4      | Reached XP level 6. HP: 51/51 MP: 8/8
  4190 | D:4      | Reached skill level 5 in Axes
  4435 | D:4      | Found a staircase to the Ecumenical Temple.
  4706 | D:5      | Entered Level 5 of the Dungeon
  4741 | D:5      | Reached *** piety under Lugonu
  4742 | D:5      | Gained mutation: You curl defensively after being hit. (AC
                  | +7*) [Palentonga growth]
  4742 | D:5      | Reached XP level 7. HP: 51/57 MP: 8/10
  5059 | D:5      | Reached skill level 5 in Invocations
  5340 | D:5      | Found a runed translucent door.
  5341 | D:5      | Noticed murtidash's ghost (novice VSBr)
  5898 | D:5      | Found a blossoming altar of Fedhas.
  6823 | D:5      | Reached XP level 8. HP: 33/65 MP: 12/12
  7080 | D:6      | Reached skill level 6 in Axes
  7608 | D:6      | Reached skill level 5 in Fighting
  7611 | D:6      | Reached **** piety under Lugonu
  7944 | D:7      | Reached skill level 7 in Axes
  8298 | D:7      | Found a radiant altar of Vehumet.
  8305 | D:7      | Found a hide-covered altar of Uskayaw.
  8345 | D:7      | Reached XP level 9. HP: 68/73 MP: 14/14
  8896 | D:5      | Reached skill level 8 in Axes
  9205 | D:7      | Reached skill level 1 in Shields
 10238 | D:7      | Reached skill level 9 in Axes
 10748 | D:8      | Found an ancient bone altar of Kikubaaqudgha.
 11150 | D:8      | Found a shimmering blue altar of Sif Muna.
 11392 | D:8      | Identified the +1 leather armour of a sewer {rElec rC+
                  | Str+6}
 11551 | D:8      | Found a glowing silver altar of Zin.
 11719 | D:9      | Noticed Prince Ribbit
 11796 | D:9      | Noticed Gastronok
 11905 | D:9      | Learned a level 2 spell: Passwall
 12311 | D:10     | Entered Level 10 of the Dungeon
 12324 | D:10     | Reached XP level 10. HP: 76/81 MP: 16/16
 12343 | D:10     | Reached skill level 10 in Axes
 12526 | D:10     | Reached skill level 1 in Spellcasting
 12526 | D:10     | Reached skill level 1 in Transmutations
 12526 | D:10     | Reached skill level 1 in Earth Magic
 12959 | D:10     | Noticed a two-headed ogre
 13654 | D:11     | Noticed a manticore
 13924 | D:11     | Reached skill level 11 in Axes
 14136 | D:11     | Found a staircase to the Lair.
 14146 | D:11     | Noticed a two-headed ogre
 14409 | D:11     | Reached skill level 10 in Invocations
 14941 | D:12     | Noticed a skeletal warrior
 14941 | D:12     | Noticed a skeletal warrior
 14943 | D:12     | Noticed a skeletal warrior
 15053 | D:11     | Killed a manticore
 15153 | D:12     | Noticed a white ugly thing
 15192 | D:11     | Banished a two-headed ogre
 15193 | D:11     | Reached skill level 12 in Axes
 15193 | D:11     | Reached XP level 11. HP: 86/86 MP: 13/18
 15326 | Lair:1   | Entered Level 1 of the Lair of Beasts
 15530 | Lair:1   | Found a runed translucent door.
 15534 | Lair:1   | Noticed greynaab's ghost (journeyman OpBe)
 16507 | Lair:2   | Found a staircase to the Snake Pit.
 16528 | Lair:2   | Reached skill level 13 in Axes
 18096 | Lair:2   | Reached skill level 14 in Axes
 18446 | Lair:2   | Found a large runed translucent door.
 18446 | Lair:2   | Found a large runed translucent door.
 18450 | Lair:2   | Noticed oldriver's ghost (journeyman KoHu)
 18537 | Lair:2   | Noticed Erica
 18539 | Lair:2   | Banished Erica
 18540 | Lair:2   | Reached XP level 12. HP: 94/94 MP: 16/21
 18953 | Lair:2   | Noticed a six-headed hydra
 18959 | Lair:2   | Learned a level 3 spell: Swiftness
 19906 | Lair:3   | Reached skill level 1 in Air Magic
 20441 | Lair:3   | Noticed an eight-headed hydra
 20464 | Lair:3   | Found a staircase to the Shoals.
 21411 | Lair:4   | Reached skill level 1 in Dodging
 21586 | Lair:4   | Found a transporter.
 21594 | Lair:4   | Noticed swinepaste's ghost (journeyman DEFE)
 22314 | Lair:3   | Banished an eight-headed hydra
 22549 | D:12     | Noticed a two-headed ogre
 22841 | D:10     | Banished a two-headed ogre
 23122 | D:10     | Found a hazy altar of Hepliaklqana.
 23400 | D:9      | Killed Gastronok
 23679 | D:9      | Killed Prince Ribbit
 24037 | D:11     | Reached skill level 15 in Axes
 25249 | D:12     | Found a staircase to the Orcish Mines.
 25310 | D:12     | Reached XP level 13. HP: 72/103 MP: 22/22
 25577 | Orc:1    | Entered Level 1 of the Orcish Mines
 25610 | Orc:2    | Entered Level 2 of the Orcish Mines
 25610 | Orc:2    | Noticed an ettin
 26202 | D:13     | Found a frozen archway.
 26303 | IceCv    | Entered an ice cave
 26322 | IceCv    | Slain by a death yak simulacrum

Illustrated notes

Levels and vault maps discovered:
D:1:      scummos_arrival_simple_fountains, layout_rooms, serial_shops,
          nicolae_shop_waterfront
D:2:      layout_basic, hellmonk_ecumenical_altar_arch_garden, minivault_14,
          grunt_ministairs_13
D:3:      layout_loops_ring
D:4:      layout_cave_pools, minmay_temple_entry_slanted,
          chequers_serial_rivers_micro_d, minmay_misc_feat_four_crosses
D:5:      layout_layer_cave, lemuel_crystal_altar, gammafunk_ghost_grave,
          serial_undead, serial_undead_e, serial_undead_a, serial_undead_b,
          serial_undead_f
D:6:      layout_rooms
D:7:      layout_cave_pods, amethyst_overflow_temple_binary,
          minmay_joined_circles
D:8:      layout_basic, led_sif_book, kiku_gazebo_pond_becter,
          nicolae_overflow_crystal_walls, hangedman_abyss_or_decor_passed
D:9:      layout_long_grid, uniq_prince_ribbit1, uniq_gastronok
D:10:     layout_roguey, nicolae_hepliaklqana_monster_ancestors
D:11:     layout_roguey, due_lair_maze_entry_diamond, nicolae_fountain_basement
D:12:     layout_roguey, orc_0_dummy
D:13:     layout_gridville, serial_ice, serial_ice_l, serial_ice_d,
          serial_ice_e, serial_ice_m, serial_ice_a,
          portal_ice_cave_entry_ice_simulacra
Lair:1:   layout_regular_city, ebering_ghost_reflecting_pool, st_stairs_13,
          lemuel_fruit_tree
Lair:2:   layout_regular_city, minmay_snake_entry_six_corridors,
          ebering_ghost_disaster_area, uniq_erica
Lair:3:   nzn_winding_woodlands_large [nzn_winding_woodlands_5x5_open_star,
          nzn_winding_woodlands_5x15_pathside_ponds,
          nzn_winding_woodlands_5x5_closed_star,
          nzn_winding_woodlands_center_triple_pond,
          nzn_winding_woodlands_15x15_thick_spiral,
          nzn_winding_woodlands_center_lodge, nzn_winding_woodlands_5x5_three,
          nzn_winding_woodlands_5x15_concentric,
          nzn_winding_woodlands_hourglass], layout_gridlike,
          elwin_shoals_entry_stream
Lair:4:   layout_regular_city, gammafunk_ghost_wrathful_warriors,
          lemuel_fruit_fields, infiniplex_staircase_pool_2
Orc:1:    layout_diamond_mine
Orc:2:    grunt_orc_tribal_feast, layout_diamond_mine, uniq_snorg
IceCv:    ice_cave_statue_garden_chambered

Skill      XL: |  1  2  3  4  5  6  7  8  9 10 11 12 13 |
---------------+----------------------------------------+-----
Axes           | 3 4 5 7 9 12 14 15 | 15.6
Stealth        | 1 |  1.0
Invocations    | 3 4 6 7 8 10 12 13 | 13.0
Evocations     | 1 2 3 |  3.0
Fighting       | 4 5 6 7 8 |  8.0
Shields        | 2 |  2.0
Spellcasting   | 2 |  2.0
Transmutations | 2 |  2.0
Earth Magic    | 2 |  2.0
Air Magic      | 3 |  3.0
Dodging        | 3 |  3.6
Armour         | 3 |  3.0

Action                   |  1- 3 |  4- 6 |  7- 9 | 10-12 | 13-15 || total
-------------------------+-------+-------+-------+-------+-------++-------
Melee: Hand axe          |   105 |   138 |   182 |       |       ||   425
       Tailslap          |     6 |    17 |    65 |    58 |    10 ||   156
       Punch             |     2 |     3 |     4 |       |       ||     9
       Whip              |       |    22 |   153 |       |       ||   175
       Spear             |       |       |     2 |       |       ||     2
       Battleaxe         |       |       |    80 |   431 |    72 ||   583
Throw: Dart              |       |       |    10 |     3 |       ||    13
Invok: Depart the Abyss  |     1 |       |       |       |       ||     1
       Bend Space        |       |     2 |     3 |    10 |       ||    15
       Banish            |       |       |     3 |    11 |     1 ||    15
 Abil: Rolling Charge    |     9 |     5 |    18 |    20 |     6 ||    58
Evoke: Wand              |       |     4 |       |       |     2 ||     6
  Use: Potion            |       |     2 |       |     1 |       ||     3
       Scroll            |       |       |       |    13 |       ||    13
 Stab: Sleeping          |       |     2 |       |       |       ||     2
Armor: Leather armour    |    51 |    74 |    14 |   177 |    21 ||   337
       Ring mail         |       |    25 |   207 |       |       ||   232
Dodge: Dodged            |    49 |    62 |   115 |   119 |    22 ||   367
Block: Kite shield       |       |       |    23 |       |       ||    23

Table legend: (Time is in decaauts)
 A = Elapsed time spent in this place.
 B = Non-inter-level travel time spent in this place.
 C = Inter-level travel time spent in this place.
 D = Time resting spent in this place.
 E = Time spent auto-exploring this place.
 F = Levels seen in this place.
 G = Mean time per level.
                   A        B        C        D        E       F      G
               +--------+--------+--------+--------+--------+-----+--------+
         Total |  26418 |  24824 |   1594 |   4605 |  15994 |  22 | 1200.8 |
       Dungeon |  19068 |  17904 |   1164 |   2501 |  12068 |  13 | 1466.8 |
          Lair |   7080 |   6660 |    420 |   2104 |   3738 |   4 | 1770.0 |
  Orcish Mines |     45 |     36 |      9 |      0 |     22 |   2 |   22.5 |
         Abyss |    206 |    206 |      0 |      0 |    166 |   2 |  103.0 |
      Ice Cave |     18 |     18 |      0 |      0 |      0 |   1 |   18.0 |
               +--------+--------+--------+--------+--------+-----+--------+

Top non-repeatable levels by time:
  Lair:2: 3702 daAuts
     D:5: 2568 daAuts
    D:10: 2175 daAuts
    D:11: 1876 daAuts
     D:7: 1797 daAuts
  Lair:1: 1716 daAuts
  Lair:3: 1550 daAuts
     D:8: 1496 daAuts
     D:3: 1461 daAuts
    D:12: 1403 daAuts
     D:1: 1247 daAuts
     D:6: 1246 daAuts
     D:4: 1156 daAuts
     D:9: 1142 daAuts
     D:2: 837 daAuts
